 Dungeon Crawl Stone Soup version 0.20.0 (webtiles) character file.

61243 Llamajah the Cleaver (level 15, 0/120 HPs)
             Began as a Formicid Fighter on July 2, 2017.
             Was the Champion of Okawaru.
             Killed by drain life
             ... invoked by a soul eater
             ... summoned by an orc high priest
              (12 damage)
             ... on level 2 of the Orcish Mines.
             The game lasted 01:07:25 (25530 turns).

Llamajah the Cleaver (Formicid Fighter)            Turns: 25530, Time: 01:07:26

Health: 0/120      AC: 23    Str: 26    XL:     15   Next: 41%
Magic:  16/19      EV: 11    Int:  9    God:    Okawaru [******]
Gold:   1492       SH: 13    Dex: 10    Spells: 14/14 levels left

rFire    . . .     SeeInvis +   J - +4 battleaxe
rCold    . . .     Gourm    .   c - +0 shield
rNeg     . . .     Faith    +   e - +2 plate armour {MR+}
rPois    .         Spirit   .   (helmet unavailable)
rElec    .         Reflect  .   O - +0 cloak {MR+}
rCorr    .         Harm     .   v - +2 pair of gloves
MR       ++++.                  (no boots)
Stlth    ..........             n - amulet of faith
Regen    0.3/turn               Y - ring of protection from magic
MPRegen  0.2/turn               L - +1 ring of protection

@: very slightly contaminated, drained, invisible
A: permanent stasis, dig shafts and tunnels, four strong arms, antennae 3
a: Dig, Shaft Self, Heroism, Finesse, Renounce Religion


You were on level 2 of the Orcish Mines.
You worshipped Okawaru.
Okawaru was exalted by your worship.
You were not hungry.

You visited 4 branches of the dungeon, and saw 22 of its levels.
You also visited: Sewer.

You collected 1918 gold pieces.
You spent 426 gold pieces at shops.

Inventory:

Hand Weapons
 E - a +1 battleaxe of flaming
 J - a +4 battleaxe (weapon)
Armour
 c - a +0 shield (worn)
 e - a +2 plate armour of magic resistance (worn)
 h - a +0 pair of boots of flying
 v - a +2 pair of gloves (worn)
 O - a +0 cloak of magic resistance (worn)
 P - a +0 plate armour
Jewellery
 i - an uncursed ring of positive energy
 n - an amulet of faith (around neck)
 r - an uncursed ring of flight
 L - a +1 ring of protection (right hand)
 T - an uncursed ring of protection from cold
 W - an uncursed amulet of the gourmand {unknown}
 Y - a ring of protection from magic (left hand)
Wands
 A - a wand of clouds (6/9)
Scrolls
 d - 3 scrolls of enchant armour
 g - 4 scrolls of fear
 j - 2 scrolls of fog
 k - 8 scrolls of remove curse
 u - 2 scrolls of recharging
 G - a scroll of magic mapping
 H - a scroll of enchant weapon {unknown}
 I - 3 scrolls of immolation {unknown}
 M - a scroll of noise {unknown}
 X - 3 scrolls of blinking {unknown}
 Z - a scroll of holy word {unknown}
Potions
 b - a potion of lignification
 o - 3 potions of flight
 s - 2 potions of brilliance
 x - 3 potions of mutation
 z - 2 potions of magic
 F - 2 potions of resistance
Comestibles
 a - 4 chunks of flesh
 f - 12 bread rations
 m - 17 fruits
 p - 4 royal jellies
 q - 17 meat rations


   Skills:
 + Level 11.6(10.8) Fighting
 * Level 14.4(13.6) Axes
 + Level 12.1(11.2) Armour
 + Level 9.8(9.1) Dodging
 + Level 12.7(11.9) Shields
 + Level 6.0(5.3) Invocations


You had 14 spell levels left.
You didn't know any spells.

Dungeon Overview and Level Annotations

Branches:
Dungeon (13/15)            Temple (1/1) D:4            Lair (6/6) D:11
  Swamp (0/4) Lair:4        Snake (0/4) Lair:2        Slime (0/5) Lair:6
    Orc (2/2) D:9             Elf (0/3) Orc:2        Vaults (0/5) D:13

Altars:
Ashenzari
Cheibriados
Dithmenos
Elyvilon
Fedhas
Gozag
Hepliaklqana
Kikubaaqudgha
Makhleb
Nemelex Xobeh
Okawaru
Qazlal
Ru
Sif Muna
Trog
Uskayaw
Vehumet
Xom
Yredelemnul
Zin
The Shining One

Shops:
D:7 [   D:9 !   Orc:2 }

Annotations:
D:3 2 transporters
D:13 Rupert
Lair:4 exclusion: 3 oklob plants


Innate Abilities, Weirdness & Mutations

You cannot be hasted, slowed, berserked, paralysed or teleported.
You can dig through walls and to a lower floor.
Your four strong arms can wield two-handed weapons with a shield.
You have a pair of large antennae on your head. (SInv)


Message History

As you read the scroll of fear, it crumbles to dust.
You assume a fearsome visage.
The orc looks frightened!
The orc warrior looks frightened!
The orc high priest easily resists.
The orc knight looks frightened!
The orc warrior looks frightened!
The orc priest looks frightened!
The orc looks frightened!
The orc high priest shouts!
The orc high priest mumbles some strange prayers to Beogh.
The orc priest howls in fear.
You see here a club.
You fade into invisibility!
You are very lightly contaminated with residual magic.
The ynoxinul gestures.
Your hands slow down.
The ufetubus shouts!
The ufetubus shouts!
The orc high priest prays to Beogh.
The ufetubus shouts!
The orc warrior shouts!
The orc knight no longer looks unusually strong.
The soul eater draws from the surrounding life force!
You die...

.....#.............#............#
............##.....#.....#.......
##.........####..........##......
##.....53...# ##..........#......
.##.........###..........##....[.
.#........3..#...........[((((([.
.......#.54..............[[..####
.....####5...).....#.......(...#.
....## ##o.))o.@.#............##
...## ## #..)...####.#..#.#...###
.### ##.###o).^.# ####.#.##### #
## ##...#o###.## ##### #
#....){{#...# #### #....o..#..##
##..# #....o)....# ##....
#oo..oo...## #..... ##.#.......#
##.....


You could see an orc knight, a soul eater, an orc high priest, an orange demon,
an orc warrior, an orc and 2 ufetubi.

Vanquished Creatures
  An orc warlord (Orc:2)
  Harold (Lair:2)
  The ghost of hyperbowl the Martial Artist, a journeyman MfTm of Okawaru (Lair:1)
  5 hydras
  2 centaur warriors (D:11)
  5 two-headed ogres
  3 death yaks (D:11)
  2 orc high priests
  A fire crab (Lair:6)
  An orc knight (Orc:2)
  2 cyclopes
  3 ugly things (D:12)
  4 orc sorcerers
  A centaur zombie (D:10)
  3 black mambas
  A moth of wrath (D:6)
  Psyche (D:9)
  Maurice (D:8)
  A torpor snail (Lair:3)
  3 gargoyles
  4 spiny frogs
  2 rime drakes
  5 komodo dragons
  5 trolls
  6 polar bears (Lair:6)
  Grinder (D:3)
  Prince Ribbit (D:6)
  15 blink frogs
  6 hornets (Lair:6)
  5 hippogriffs
  11 dream sheep
  A meliai zombie (D:11)
  14 spriggans (Lair:6)
  3 wyverns
  A basilisk (Lair:2)
  A shadow (D:12)
  39 yaks
  Eustachio (D:6)
  2 steam dragons
  5 wargs
  Edmund (D:5)
  A soldier ant (D:11)
  12 water moccasins
  An acid dragon (D:12)
  3 nagas
  5 porcupines
  26 orc warriors
  3 sky beasts
  9 ice beasts
  6 black bears
  5 necrophages
  3 phantoms
  11 ogres
  36 wolves
  3 boggarts (Lair:6)
  12 centaurs
  12 crocodiles
  Blork the orc (D:6)
  2 big kobolds
  8 bullfrogs
  6 scorpions
  7 howler monkeys
  8 wights
  5 electric eels
  3 crimson imps
  A bullfrog zombie (D:5)
  7 jellies
  A quasit (D:10)
  16 orc priests
  6 hounds
  2 centaur skeletons
  29 orc wizards
  A gnoll shaman (D:4)
  Ijyb (D:5)
  Jessica (D:3)
  6 hell rats
  4 iguanas
  6 worker ants
  A hound zombie (D:8)
  A hound skeleton (D:11)
  A worker ant zombie (D:9)
  6 gnolls
  17 adders
  A howler monkey skeleton (D:7)
  4 river rats
  3 oozes
  An adder zombie (D:7)
  2 adder skeletons
  A worm (D:6)
  4 dart slugs
  5 leopard geckos
  80 orcs
  9 giant cockroaches
  3 goblins
  12 hobgoblins
  4 jackals
  14 kobolds
  3 quokkas
  5 ball pythons
  8 bats
  4 frilled lizards (D:1)
  A jackal skeleton (D:4)
  A leopard gecko skeleton (D:5)
  18 rats
  A bush (Lair:6)
  8 fungi
  6 plants
664 creatures vanquished.

Vanquished Creatures (others)
  A spiny frog (Lair:6)
  12 fungi
  9 plants
22 creatures vanquished.

Grand Total: 686 creatures vanquished

Notes
Turn   | Place    | Note
-------+----------+-------------------------------------------
     0 | D:1      | Llamajah the Formicid Fighter began the quest for the Orb.
     0 | D:1      | Reached XP level 1. HP: 18/18 MP: 1/1
    91 | D:1      | Reached XP level 2. HP: 6/24 MP: 2/2
   351 | D:1      | Reached skill level 1 in Dodging
   553 | D:1      | Reached XP level 3. HP: 29/29 MP: 3/3
  1259 | D:2      | Reached XP level 4. HP: 9/37 MP: 4/4
  1714 | D:2      | Reached skill level 3 in Axes
  1906 | D:3      | Noticed a two-headed ogre
  1911 | D:3      | Noticed a hippogriff
  1919 | D:3      | Reached XP level 5. HP: 32/42 MP: 5/5
  2126 | D:3      | Found a hazy altar of Hepliaklqana.
  2430 | D:3      | Noticed Jessica
  2440 | D:3      | Killed Jessica
  2550 | D:3      | Noticed Grinder
  2569 | D:3      | Killed Grinder
  2569 | D:3      | Reached skill level 4 in Axes
  2569 | D:3      | Reached XP level 6. HP: 49/49 MP: 6/6
  2824 | D:4      | Reached XP level 7. HP: 55/55 MP: 7/7
  2878 | D:4      | Reached skill level 5 in Shields
  3131 | D:4      | Found a staircase to the Ecumenical Temple.
  3140 | Temple   | Entered the Ecumenical Temple
  3983 | D:4      | Reached skill level 5 in Axes
  4074 | D:5      | Entered Level 5 of the Dungeon
  4114 | D:5      | Reached XP level 8. HP: 50/61 MP: 8/8
  4159 | D:5      | Reached skill level 5 in Armour
  4195 | D:5      | Reached skill level 5 in Fighting
  4236 | D:5      | Found a glowing drain.
  4267 | Sewer    | Entered a sewer
  4521 | Sewer    | Found a white marble altar of Elyvilon.
  4736 | D:5      | Reached skill level 6 in Axes
  4921 | D:5      | Noticed Edmund
  4938 | D:5      | Killed Edmund
  4976 | D:5      | Found an ancient bone altar of Kikubaaqudgha.
  5016 | D:5      | Noticed Ijyb
  5023 | D:5      | Killed Ijyb
  5023 | D:5      | Reached XP level 9. HP: 66/68 MP: 9/9
  5596 | D:6      | Found a snail-covered altar of Cheibriados.
  5596 | D:6      | Found an opulent altar of Gozag.
  5636 | D:6      | Reached skill level 7 in Axes
  5646 | D:6      | Noticed Prince Ribbit
  5651 | D:6      | Killed Prince Ribbit
  5729 | D:6      | Noticed Eustachio
  5751 | D:6      | Killed Eustachio
  5812 | D:6      | Noticed Blork the orc
  5826 | D:6      | Killed Blork the orc
  6213 | D:6      | Noticed a moth of wrath
  6215 | D:6      | Found a bloodstained altar of Trog.
  6270 | D:6      | Killed a moth of wrath
  6270 | D:6      | Reached XP level 10. HP: 25/77 MP: 10/10
  6587 | D:7      | Reached skill level 8 in Axes
  6713 | D:7      | You fall through a shaft for 3 floors!
  6713 | D:10     | Entered Level 10 of the Dungeon
  6732 | D:10     | Reached skill level 5 in Dodging
  6864 | D:10     | Noticed a two-headed ogre
  6870 | D:10     | Killed a two-headed ogre
  6870 | D:10     | Reached skill level 9 in Axes
  7157 | D:10     | Noticed a two-headed ogre
  7168 | D:10     | Killed a two-headed ogre
  7168 | D:10     | Reached XP level 11. HP: 53/85 MP: 11/11
  7253 | D:9      | Noticed Psyche
  7262 | D:9      | Killed Psyche
  7543 | D:8      | Noticed Maurice
  7784 | D:7      | Found Pyonanam's Armour Emporium.
  7792 | D:7      | Bought a +0 cloak for 72 gold pieces
  7792 | D:7      | Bought a +2 pair of gloves for 264 gold pieces
  7834 | D:7      | Found a sacrificial altar of Ru.
  8172 | D:7      | Found an iron altar of Okawaru.
  8189 | D:7      | Became a worshipper of Warmaster Okawaru
  8628 | D:8      | Killed Maurice
  8628 | D:8      | Reached skill level 10 in Axes
  9044 | D:9      | Found a shadowy altar of Dithmenos.
  9177 | D:9      | Found Naunisiu's Distillery.
  9186 | D:9      | Bought a potion of curing for 45 gold pieces
  9186 | D:9      | Bought a potion of curing for 45 gold pieces
  9228 | D:9      | Found a staircase to the Orcish Mines.
  9235 | D:9      | Reached * piety under Okawaru
  9391 | D:9      | Found a radiant altar of Vehumet.
  9500 | D:9      | Found a shattered altar of Ashenzari.
  9843 | D:10     | Reached ** piety under Okawaru
 10680 | D:11     | Noticed a cyclops
 10690 | D:11     | Killed a cyclops
 10690 | D:11     | Reached *** piety under Okawaru
 10825 | D:11     | Noticed a centaur warrior
 10835 | D:11     | Killed a centaur warrior
 10835 | D:11     | Reached XP level 12. HP: 63/94 MP: 12/12
 11025 | D:11     | Noticed a death yak
 11027 | D:11     | Noticed a death yak
 11030 | D:11     | Noticed a death yak
 11048 | D:11     | Killed a death yak
 11048 | D:11     | Reached **** piety under Okawaru
 11048 | D:11     | Reached skill level 11 in Axes
 11048 | D:11     | Killed a death yak
 11051 | D:11     | Killed a death yak
 11051 | D:11     | Reached skill level 10 in Shields
 11346 | D:11     | Found a staircase to the Lair.
 11464 | D:11     | Noticed a two-headed ogre
 11478 | D:11     | Killed a two-headed ogre
 11584 | D:11     | Reached ***** piety under Okawaru
 12270 | D:12     | Received a gift from Okawaru
 12886 | D:12     | Noticed a two-headed ogre
 12893 | D:12     | Killed a two-headed ogre
 12893 | D:12     | Reached XP level 13. HP: 84/101 MP: 13/13
 12908 | D:13     | Found a gate to the Vaults.
 12908 | D:13     | Noticed Rupert
 12908 | D:13     | Noticed a centaur warrior
 12981 | Lair:1   | Entered Level 1 of the Lair of Beasts
 13196 | Lair:1   | Noticed hyperbowl's ghost (journeyman MfTm)
 13241 | Lair:1   | Killed hyperbowl's ghost
 13241 | Lair:1   | Reached skill level 12 in Axes
 13241 | Lair:1   | Reached skill level 10 in Armour
 13774 | Lair:1   | Reached ****** piety under Okawaru
 13788 | Lair:1   | Received a gift from Okawaru
 14003 | Lair:1   | Reached skill level 10 in Fighting
 14079 | Lair:1   | Noticed a six-headed hydra
 14086 | Lair:1   | Killed a three-headed hydra
 14209 | Lair:2   | Noticed Harold
 14558 | Lair:2   | Killed Harold
 14933 | Lair:2   | Found a staircase to the Snake Pit.
 15802 | Lair:3   | Noticed a seven-headed hydra
 15817 | Lair:3   | Killed a one-headed hydra
 15817 | Lair:3   | Received a gift from Okawaru
 16538 | Lair:3   | Reached skill level 1 in Invocations
 16639 | Lair:3   | Reached XP level 14. HP: 100/111 MP: 14/14
 16640 | Lair:3   | Reached skill level 13 in Axes
 17104 | Lair:4   | Found a frozen archway.
 17138 | Lair:4   | Received a gift from Okawaru
 17141 | Lair:4   | Got a warped broad axe {god gift}
 17151 | Lair:4   | Identified the +1 broad axe of Accidental Termination {antimagic, +Inv Str+3} (Okawaru gifted it to you on level 4 of the Lair of Beasts)
 17572 | Lair:4   | Found a staircase to the Swamp.
 18956 | Lair:6   | Entered Level 6 of the Lair of Beasts
 19166 | Lair:6   | Received a gift from Okawaru
 19939 | Lair:6   | Received a gift from Okawaru
 20072 | Lair:6   | Received a gift from Okawaru
 21051 | Lair:6   | Received a gift from Okawaru
 21123 | Lair:6   | HP: 4/113 [electric eel/bolt of electricity (11)]
 21535 | Lair:6   | Found a staircase to the Slime Pits.
 21899 | Lair:6   | Reached skill level 14 in Axes
 21984 | Lair:6   | Reached skill level 5 in Invocations
 22411 | D:11     | Reached XP level 15. HP: 105/119 MP: 18/18
 22473 | Orc:1    | Entered Level 1 of the Orcish Mines
 23160 | Orc:2    | Entered Level 2 of the Orcish Mines
 23160 | Orc:2    | Found a staircase to the Elven Halls.
 23954 | Orc:2    | Found Hocsunli's Gadget Boutique.
 24828 | Orc:2    | Noticed an orc warlord
 25491 | Orc:2    | Killed an orc warlord
 25511 | Orc:2    | Received a gift from Okawaru
 25530 | Orc:2    | Killed from afar by a soul eater

Skill      XL: |  1  2  3  4  5  6  7  8  9 10 11 12 13 14 15 |
---------------+----------------------------------------------+-----
Dodging        | 1 2 3 4 5 7 8 9 |  9.8
Shields        | 4 5 6 7 8 9 10 11 12 | 12.7
Axes           | 3 4 5 6 7 9 10 11 12 14 | 14.4
Fighting       | 4 5 6 7 8 9 10 11 | 11.6
Armour         | 4 5 6 7 8 9 10 11 12 | 12.1
Invocations    | 1 5 6 |  6.0

Action                   |  1- 3 |  4- 6 |  7- 9 | 10-12 | 13-15 || total
-------------------------+-------+-------+-------+-------+-------++-------
Melee: War axe           |   136 |    86 |   304 |       |       ||   526
       Battleaxe         |       |       |    24 |   588 |  1151 ||  1763
Invok: Heroism           |       |       |       |     2 |     3 ||     5
       Finesse           |       |       |       |       |     2 ||     2
 Abil: Dig               |       |       |     1 |       |     3 ||     4
  Use: Potion            |     2 |       |     2 |     4 |     8 ||    16
       Scroll            |       |       |       |       |    23 ||    23
  Eat: Chunk             |     1 |     5 |    12 |    22 |    41 ||    81
       Royal jelly       |       |       |       |       |     1 ||     1
Armor: Scale mail        |   100 |    19 |    80 |       |       ||   199
       Chain mail        |       |       |    12 |    31 |       ||    43
       Plate armour      |       |       |       |   206 |   478 ||   684
Dodge: Dodged            |    59 |    38 |   103 |   207 |   382 ||   789
Block: Shield            |    90 |    47 |   177 |   375 |   770 ||  1459
